 Dungeon Crawl Stone Soup version 0.30.1 (webtiles) character file.

Game seed: 5572984505568112619

115 safid the Chiller (level 5, -14/39 HPs)
             Began as a Merfolk Ice Elementalist on July 10, 2023.
             Demolished by Menkaure (21 damage)
             ... on level 3 of the Dungeon.
             The game lasted 00:03:28 (2308 turns).

safid the Chiller (Merfolk Ice Elementalist)        Turns: 2308, Time: 00:03:29

Health: -14/39     AC:  8    Str:  9    XL:     5   Next: 0%
Magic:  6/9        EV: 13    Int: 16    God:
Gold:   180        SH:  0    Dex: 20    Spells: 3/10 levels left

rFire   . . .        m - +1 great mace (drain)
rCold   . . .        (shield currently unavailable)
rNeg    . . .        a - +0 robe
rPois   .            (no helmet)
rElec   .            (no cloak)
rCorr   .            (no gloves)
SInv    .            (no boots)
Will    .....        c - amulet of magic regeneration
Stlth   ++           e - +6 ring of dexterity
HPRegen 0.26/turn    (no ring)
MPRegen 0.51/turn

%: no passive effects
@: ice-armoured
A: (nimble swimmer 2), mertail
a: no special abilities


You were on level 3 of the Dungeon.
You visited 1 branch of the dungeon, and saw 4 of its levels.

You collected 180 gold pieces.

Inventory:

Hand Weapons
 m - a +1 great mace of draining (weapon)
Missiles
 i - a throwing net
Armour
 a - a +0 robe (worn)
Jewellery
 c - an amulet of magic regeneration (around neck)
 e - a +6 ring of dexterity (left hand)
Scrolls
 d - 2 scrolls of amnesia {unknown}
 f - 3 scrolls of teleportation {unknown}
 g - 4 scrolls of identify {unknown}
 k - a scroll of blinking {unknown}
 n - a scroll of vulnerability {unknown}
 q - a scroll of immolation {unknown}
Potions
 b - 2 potions of magic
 h - a potion of heal wounds {unknown}
 j - 2 potions of brilliance {unknown}
 l - a potion of curing {unknown}
 o - a potion of lignification {unknown}
 p - 2 potions of flight {unknown}
 r - a potion of ambrosia {unknown}


   Skills:
 + Level 2.6 Fighting
 - Level 2.6 Dodging
 - Level 2.1 Stealth
 + Level 3.1 Spellcasting
 + Level 5.2 Ice Magic


You had 3 spell levels left.
You knew the following spells:

 Your Spells              Type           Power      Damage    Failure   Level
a - Freeze                Ice            76%        1d8       2%          1
b - Frozen Ramparts       Ice            38%        1d6       6%          3
c - Ozocubu's Armour      Ice            19%        N/A       6%          3

Your spell library contained the following spells:

 Spells                   Type           Power      Damage    Failure   Level
 Apportation              Tloc           4%         N/A       19%         1
 Necrotise                Necr           8%         1d4       19%         1
 Summon Small Mammal      Summ           8%         N/A       19%         1
 Cigotuvi's Dreadful Rot  Necr/Pois/Air  4%         N/A       28%         2
 Summon Ice Beast         Ice/Summ       10%        N/A       54%         4
 Dispel Undead            Necr           2%         3d7       88%         4
 Death Channel            Necr           1%         N/A       100%        6


Dungeon Overview and Level Annotations

Branches:
Dungeon (4/15)
 Temple: D:4-7

Altars:
Dithmenos
Gozag
Hepliaklqana

Annotations:
D:3 Menkaure
D:4 Eustachio, Pikel


Innate Abilities, Weirdness & Mutations

((You are very nimble when in or above water. (Stealth+, EV+, Speed+++)))
Your lower body shifts to a powerful aquatic tail in water.


Message History

The goblin is severely wounded.
The frozen ramparts melt away.
Menkaure calls on the powers of darkness!
Your body is wracked with pain!
* * * LOW HITPOINT WARNING * * *
The goblin completely misses you.
You miss the goblin.
The goblin is severely wounded.
The goblin barely misses you.
A lemure comes into view.
Menkaure closely misses you. The goblin hits you with a +0 club.
* * * LOW HITPOINT WARNING * * *
Menkaure closely misses you.
The lemure shouts! x2
You hit the goblin.
You kill the goblin!
You hear a shout! x2
Menkaure misses you. x2
You have reached level 5!
You feel stronger.
Your icy armour will break if you move.
Continue?
Okay, then.
There are monsters nearby!
Your icy armour will break if you move.
Continue?
Your icy armour cracks and falls away as you move.
Menkaure misses you.
Eustachio the Magnificent comes into view.
He is wielding a +0 rapier.
There is a stone staircase leading up here.
Unknown command.
Unknown command.
Menkaure misses you. The lemure closely misses you.
You climb upwards.
There is a stone staircase leading down here.
Unknown command.
Unknown command.
Casting: Ozocubu's Armour (dangerous; 6% risk of failure)
Confirm with . or Enter, or press ? or * to list all spells.
A film of ice covers your body! Menkaure hits you!!
Ouch! That really hurt!
You die...

.............#.#.#
..).........##.#.#
.......##.####.#.#
......##..# #.#.#
.....###.## #.#.#
##..####.#####...#
#.....#.....###..#
.............##.5#
..............##@#
...............M.#
.................#
..............##.#
..............####
.............[#
.............##
#.....#.....##
#############


You could see a lemure and Menkaure (fast).

Vanquished Creatures
  An orc priest (D:3)
  An orc wizard (D:3)
  A worm (D:3)
  4 orcs (D:3)
  6 bats
  3 endoplasms
  2 giant cockroaches (D:1)
  3 goblins
  6 hobgoblins
  3 jackals (D:2)
  3 kobolds
  7 ball pythons
  5 frilled lizards
  4 rats
49 creatures vanquished.

Notes
Turn   | Place    | Note
-------+----------+-------------------------------------------
     0 | D:1      | safid the Merfolk Ice Elementalist began the quest for the
                  | Orb.
     0 | D:1      | Reached XP level 1. HP: 13/13 MP: 3/3
   179 | D:1      | Reached XP level 2. HP: 20/20 MP: 3/5
   228 | D:1      | Reached skill level 1 in Fighting
   563 | D:1      | Reached XP level 3. HP: 26/26 MP: 6/6
   577 | D:1      | Learned a level 3 spell: Frozen Ramparts
  1815 | D:3      | Found a shadowy altar of Dithmenos.
  1897 | D:3      | Reached skill level 5 in Ice Magic
  1897 | D:3      | Reached XP level 4. HP: 20/33 MP: 6/8
  1947 | D:3      | Found an opulent altar of Gozag.
  2291 | D:3      | Learned a level 3 spell: Ozocubu's Armour
  2295 | D:4      | Noticed Menkaure
  2295 | D:4      | Found a hazy altar of Hepliaklqana.
  2299 | D:4      | Noticed a lemure
  2300 | D:4      | Noticed a lemure
  2302 | D:4      | Noticed Pikel
  2303 | D:4      | Noticed a lemure
  2305 | D:4      | Reached XP level 5. HP: 6/39 MP: 7/9
  2305 | D:4      | Noticed Eustachio
  2308 | D:3      | Demolished by Menkaure

Illustrated notes

Levels and vault maps discovered:
D:1:      roderic_dead_forest, layout_basic
D:2:      layout_basic, roderic_serpentine_path, grunt_ministairs_6
D:3:      layout_rooms, lemuel_coloured_pillars_altar,
          nicolae_gozag_cash_rules_everything_around_me
D:4:      layout_basic, amcnicky_altar_gilded, mainiacjoe_overflow_24_doors,
          mainiacjoe_overflow_small_starburst, uniq_pikel, uniq_eustachio,
          uniq_menkaure, uniq_blork_the_orc

Skill      XL: |  1  2  3  4 |
---------------+-------------+-----
Fighting       | 1 2 |  2.6
Ice Magic      | 5 |  5.2
Spellcasting   | 3 |  3.1
Dodging        | |  2.6
Stealth        | |  2.1

Action                     |  1- 3 |  4- 6 || total
---------------------------+-------+-------++-------
  Melee: Unarmed           |     4 |       ||     4
         Short sword       |    55 |       ||    55
         Great mace        |     3 |    17 ||    20
   Cast: Freeze            |    26 |     2 ||    28
         Frozen Ramparts   |       |     2 ||     2
         Ozocubu's Armour  |       |     2 ||     2
   Stab: Sleeping          |     6 |     1 ||     7
         Distracted        |     1 |       ||     1
 Armour: Robe              |    23 |     4 ||    27
  Dodge: Dodged            |    66 |    17 ||    83
